AoeStats
← JRazzz

Socotra

505276969Analyzed
4v4 RM · 24d ago on Sep 8, 2026· 21m 58s· 8 players
Game mode
Random Map
Map size
148×148
Population
200
Speed
Normal
Resources
Standard
Victory
Conquest
Starting age
Dark Age
Ending age
Imperial Age
RankedLock teamsTeams togetherTeam positionsShared explorationLock speedFull tech treeHidden civsTurbo modeCheats
Victory
Defeat
🇬🇧 Magyars · United Kingdom
1278
+12
🇩🇪 Romans · Germany
1231
+14
🇫🇷 Armenians · France
1227
+14
🇨🇿 Goths · Czechia
1104
+19
🇫🇷 Ethiopians · France
1201
-16
🇷🇴 Georgians · Romania
1200
-15
🇧🇷 Persians · Brazil
1174
-14
🇳🇱 Romans · Netherlands
1160
-14
andrerom
6:59 Loom
9:39 Feudal Age
11:00 Double-Bit Axe
13:09 Bloodlines
21:06 Castle Age
Batistuta666
0:41 Loom
12:27 Feudal Age
12:37 Man-at-Arms
Fricelebarbare
7:24 Loom
10:05 Feudal Age
13:27 Double-Bit Axe
17:38 Fletching
Sageata
9:21 Feudal Age
9:28 Loom
9:59 Double-Bit Axe
10:01 Horse Collar
16:36 Scale Barding Armor
17:26 Forging
19:45 Wheelbarrow
21:19 Fletching
JRazzz
5:56 Loom
6:18 Loom
9:08 Feudal Age
9:40 Double-Bit Axe
9:40 Horse Collar
16:32 Scale Barding Armor
17:05 Bloodlines
21:44 Castle Age
22:01 Wheelbarrow
21:45 Light Cavalry
Tim der Gothe
10:05 Feudal Age
15:20 Castle Age
14:23 Loom
16:10 Double-Bit Axe
vyshi77
11:05 Feudal Age
11:13 Man-at-Arms
11:59 Loom
12:39 Scale Mail Armor
16:34 Forging
Jojo328
7:33 Loom
12:52 Feudal Age
12:56 Man-at-Arms
16:05 Long Swordsman
17:23 Arson
18:52 Scale Mail Armor
21:20 Horse Collar
Connection lost

Rejoining the realm…

Still unreachable

The connection could not be restored.

Session expired

The server has moved on; the page needs a fresh start.